 Dungeon Sprint DCSS version 0.27.1-1-g398f81649c (webtiles) character file.

Game seed: 13454489044218911707

74 ugugthedestroyer the Chopper (level 4, -6/58 HPs)
             Began as a Demonspawn Berserker on Sept 6, 2021.
             Was a Priest of Trog.
             Mangled by a fire bat (8 damage)
             ... in the Dungeon (Sprint VII: "The Pits").
             The game lasted 00:01:35 (544 turns).

ugugthedestroyer the Chopper (Demonspawn Berserker)  Turns: 544, Time: 00:01:36

Health: -6/58      AC:  2    Str: 18    XL:     4   Next: 9%
Magic:  4/4        EV: 12    Int:  9    God:    Trog [***...]
Gold:   0          SH:  0    Dex: 12    Spells: 3/3 levels left

rFire    . . .     SeeInvis .   i - +2 hand axe
rCold    . . .     Faith    .   (no shield)
rNeg     . . .     Spirit   .   b - +0 animal skin
rPois    .         Reflect  .   (no helmet)
rElec    .         Harm     .   (no cloak)
rCorr    .         Rampage  .   (no gloves)
Will     .....     NoTele   +   (no boots)
Stlth    ..........             (no amulet)
HPRegen  0.19/turn              (no ring)
MPRegen  0.09/turn              (no ring)

@: berserking (expiring), very quick
A: hooves 1, sturdy frame 1
a: Renounce Religion, Berserk, Trog's Hand


You were in the Dungeon.
You worshipped Trog.
Trog was most pleased with you.
You visited 1 branch

Inventory:

Hand Weapons
 a - a +0 hand axe
 i - a +2 hand axe (weapon)
Armour
 b - a +0 animal skin (worn)
Scrolls
 h - a scroll of blinking
 k - a scroll of summoning
Potions
 c - a potion of curing
 d - a potion of heal wounds
 e - a potion of haste
 f - 4 potions of magic
 g - 3 potions of berserk rage
 j - 2 potions of invisibility


   Skills:
 + Level 5.4 Fighting
 + Level 5.8 Axes
 + Level 2.4 Armour
 + Level 3.1 Dodging


You had 3 spell levels left.
You didn't know any spells.
Your spell library was empty.

Dungeon Overview and Level Annotations

Branches:
Dungeon (1/1)

Altars:
Cheibriados
Dithmenos
Elyvilon
Fedhas
Gozag
Hepliaklqana
Makhleb
Nemelex Xobeh
Okawaru
Qazlal
Ru
Sif Muna
Trog
Vehumet
Wu Jian
Xom
Yredelemnul
Zin
The Shining One
Beogh
Jiyva
Lugonu


Innate Abilities, Weirdness & Mutations

You have large cloven feet.
Your movements are slightly less encumbered by armour. (ER -2)


Message History

You can't go down here!
You open the door.
There is an open door, spattered with blood here.
A red film seems to cover your vision as you go berserk!
You feel yourself moving faster!
You feel mighty! The fire bat bites you.
You are engulfed in flames!
The fire bat bites you.
You are engulfed in flames.
You closely miss the fire bat. Your kick misses the fire bat.
The fire bat barely misses you.
You hit the fire bat. Your kick misses the fire bat.
The fire bat is moderately wounded.
The fire bat bites you.
You are engulfed in flames!
You closely miss the fire bat. Your kick misses the fire bat.
The fire bat is moderately wounded.
You hit the kobold.
You kill the kobold!
Trog accepts your kill. The fire bat bites you.
You are engulfed in flames!
* * * LOW HITPOINT WARNING * * *
The fire bat misses you.
The fire bat bites you but does no damage.
You slash the fire bat! Your kick misses the fire bat.
The fire bat is heavily wounded.
The fire bat bites you.
* * * LOW HITPOINT WARNING * * *
You are engulfed in flames.
* * * LOW HITPOINT WARNING * * *
The fire bat barely misses you.
You hit the fire bat.
The fire bat is severely wounded.
The fire bat bites you.
* * * LOW HITPOINT WARNING * * *
You are engulfed in flames.
* * * LOW HITPOINT WARNING * * *
Unknown command.
You closely miss the fire bat. Your kick misses the fire bat.
The fire bat is severely wounded.
The fire bat bites you.
* * * LOW HITPOINT WARNING * * *
You are engulfed in flames!
You die...

#..........†'...........
#+#####'#####......#..#.
#.....# #...........
#...†.# ####'#####++
###'### #.......#
#.....# #.......#
#.....# #.......#
####'##+###...<...#
#....@b..##.......#
#....)...##.......#
###########.......#
#########


You could see a fire bat.

Vanquished Creatures
  A scorpion (D)
  An adder (D)
  2 ball pythons (D)
  A giant cockroach (D)
  A hobgoblin (D)
  A frilled lizard (D)
  A kobold (D)
8 creatures vanquished.

Notes
Turn   | Place    | Note
-------+----------+-------------------------------------------
     0 | D        | ugugthedestroyer the Demonspawn Berserker began the quest
                  | for the Orb.
     0 | D        | Reached XP level 1. HP: 18/18 MP: 1/1
    48 | D        | Found a bloodstained altar of Trog.
    48 | D        | Found a shimmering blue altar of Sif Muna.
    48 | D        | Found a viscous altar of Jiyva.
    48 | D        | Found a hazy altar of Hepliaklqana.
    48 | D        | Found an opulent altar of Gozag.
    49 | D        | Found a basalt altar of Yredelemnul.
    49 | D        | Found a shimmering altar of Xom.
    49 | D        | Found an ornate altar of the Wu Jian Council.
    49 | D        | Found a sacrificial altar of Ru.
    49 | D        | Found a stormy altar of Qazlal.
    49 | D        | Found an iron altar of Okawaru.
    49 | D        | Found a sparkling altar of Nemelex Xobeh.
    49 | D        | Found a burning altar of Makhleb.
    49 | D        | Found a blossoming altar of Fedhas.
    49 | D        | Found a shadowy altar of Dithmenos.
    49 | D        | Found a snail-covered altar of Cheibriados.
    51 | D        | Found a radiant altar of Vehumet.
    51 | D        | Found a corrupted altar of Lugonu.
    73 | D        | Reached ** piety under Trog
   269 | D        | Noticed a scorpion
   274 | D        | Killed a scorpion
   275 | D        | Reached skill level 5 in Fighting
   275 | D        | Reached skill level 5 in Axes
   275 | D        | Gained mutation: Your movements are slightly less
                  | encumbered by armour. (ER -2) [demonic ancestry]
   275 | D        | Reached XP level 2. HP: 26/27 MP: 2/2
   275 | D        | Reached XP level 3. HP: 32/33 MP: 3/3
   372 | D        | Noticed a fire bat
   378 | D        | Reached *** piety under Trog
   379 | D        | Gained mutation: You have large cloven feet. [demonic
                  | ancestry]
   379 | D        | Reached XP level 4. HP: 24/39 MP: 4/4
   544 | D        | HP: 2/58 [fire bat (1)]
   544 | D        | Mangled by a fire bat

Illustrated notes

Levels and vault maps discovered:
D:        pitsprint [storerooms_1, entrance_room_1, metal_vault_5, armoury_2,
          mini_pit_1, grid_room_1, main_hall_1, silver_pit, the_coven_3,
          the_vestibule_1, steel_vault_3, golden_pit, hallway_of_sentries,
          crystal_vault_1, iron_vault_1, final_vault]

Skill      XL: |  1 |
---------------+----+-----
Axes           | 5 |  5.8
Dodging        | 3 |  3.1
Fighting       | 5 |  5.4
Armour         | 2 |  2.4

Action                   |  1- 3 |  4- 6 || total
-------------------------+-------+-------++-------
Melee: Hand axe          |    16 |     6 ||    22
Invok: Berserk           |     1 |     1 ||     2
Armor: Animal skin       |     5 |     1 ||     6
Dodge: Dodged            |    15 |     3 ||    18
